 Dungeon Crawl Stone Soup version 0.32-a0-913-g739538a (webtiles) character file.

Game seed: 18344004800835677956

609 Dorkslayer the Chopper (level 7, 0/59 HPs)
             Began as a Mountain Dwarf Fighter on Apr 8, 2024.
             Slain by Ijyb
             ... wielding a +0 club
              (2 damage)
             ... on level 5 of the Dungeon.
             The game lasted 00:09:07 (3218 turns).

Dorkslayer the Chopper (Mountain Dwarf Fighter)     Turns: 3218, Time: 00:09:08

Health: 0/59       AC: 17    Str: 20    XL:     7   Next: 19%
Magic:  7/7        EV:  6    Int:  9    God:
Gold:   225        SH:  8    Dex:  9    Spells: 6/6 levels left

rFire   . . .        a - +0 war axe
rCold   . . .        b - +0 kite shield
rNeg    . . .        d - +2 chain mail {rPois}
rPois   +            j - +0 helmet
rElec   .            (no cloak)
rCorr   .            e - +0 pair of gloves
SInv    .            l - +2 pair of boots
Will    .....        (no amulet) Stlth
                     (no ring)
HPRegen 0.29/turn    (no ring)
MPRegen 0.10/turn

%: no passive effects
@: no status effects
A: runic magic, artefact enchanting
a: no special abilities


You were on level 5 of the Dungeon.
You visited 1 branch of the dungeon, and saw 5 of its levels.

You collected 225 gold pieces.

Inventory:

Hand Weapons
 a - a +0 war axe (weapon)
 c - a +2 flail of protection
Armour
 b - a +0 kite shield (worn)
 d - a +2 chain mail of poison resistance (worn)
 e - a +0 pair of gloves (worn)
 j - a +0 helmet (worn)
 l - a +2 pair of boots (worn)
Scrolls
 f - a scroll of revelation
 g - a scroll of enchant armour {unknown}
 n - a scroll of teleportation
Potions
 h - a potion of mutation
 i - a potion of curing
 k - a potion of haste {unknown}
 m - a potion of berserk rage {unknown}


   Skills:
 + Level 4.3 Fighting
 + Level 6.5 Axes
 + Level 4.6 Armour
 + Level 2.0 Dodging
 + Level 0.4 Stealth
 + Level 4.5 Shields


You had 6 spell levels left.
You didn't know any spells.
Your spell library contained the following spells:

 Spells                   Type           Power      Damage    Failure   Level
 Freeze                   Ice            0%         1d3       83%         1
 Frozen Ramparts          Ice            0%         1d1       99%         3
 Hailstorm                Conj/Ice       0%         3d5       99%         3


Dungeon Overview and Level Annotations

Branches:
Dungeon (5/15)
 Temple: D:4-7

Altars:

Shops:
D:2 (

Annotations:
D:5 Ijyb, Prince Ribbit


Innate Abilities, Weirdness & Mutations

Your spellcasting is much less encumbered by armour.
You can use scrolls of enchantment on lesser artefacts.


Message History

The ogre barely misses you.
Ijyb screams, "Me am play god!"
Ijyb hits you but does no damage.
The black bear bites you but does no damage.
The black bear claws you but does no damage.
The black bear barely misses you. The hound bites you but does no damage.
You feel better. You block the black bear's attack.
The black bear claws you but does no damage. x2
You block Ijyb's attack. You block the hound's attack.
The ogre hits you with a +0 giant club.
Unknown command.
You hit the ogre but do no damage.
The ogre is moderately wounded.
You barely miss the black bear. You hit Ijyb.
You hit the hound but do no damage. The hound bites you.
The black bear completely misses you. You block the black bear's attack.
The black bear claws you but does no damage.
You block Ijyb's attack. The hound bites you but does no damage.
Ijyb hits you but does no damage. The ogre hits you but does no damage.
You block the black bear's attack.
The black bear claws you but does no damage. x2
You closely miss Ijyb.
Ijyb is moderately wounded.
You hit the ogre. You hit the black bear. You slash the hound!
You kill the hound!
Ijyb screams, "I no like you!" Ijyb hits you but does no damage.
The black bear bites you.
* * * LOW HITPOINT WARNING * * *
The black bear claws you but does no damage.
You block the black bear's attack.
You hit the ogre.
The ogre is heavily wounded.
You completely miss the black bear. You slash Ijyb!
The ogre hits you with a +0 giant club!
* * * LOW HITPOINT WARNING * * *
The black bear barely misses you.
The black bear claws you but does no damage.
You block the black bear's attack. Ijyb hits you with a +0 club.
You die...
Ijyb screams, "Time for next experiment!"

#.......
#...... ..#
#.....# ..#
#.....#
...##. #....#
......
#....##......
#<..........[
#.).)hg...#
#..[O@....#
#..........#
#..........#
#....##....#
###### ...##
#..# ... ....


You could see a black bear, an ogre and Ijyb.

Vanquished Creatures
  A phantom (D:5)
  A scorpion (D:4)
  A howler monkey (D:4)
  A bombardier beetle (D:4)
  2 hounds
  A jelly (D:4)
  Terence (D:3)
  An orc wizard (D:4)
  Natasha (thrice) (D:3)
  6 gnolls
  2 adders
  3 ribbon worms
  14 orcs
  8 ball pythons
  3 bats
  An endoplasm (D:1)
  5 giant cockroaches
  8 hobgoblins
  15 jackals
  5 kobolds
  5 quokkas
  5 frilled lizards
  2 goblins
  7 rats
101 creatures vanquished.

Notes
Turn   | Place    | Note
-------+----------+-------------------------------------------
     0 | D:1      | Dorkslayer the Mountain Dwarf Fighter began the quest for
                  | the Orb.
     0 | D:1      | Reached XP level 1. HP: 19/19 MP: 1/1
   230 | D:1      | Reached XP level 2. HP: 21/26 MP: 2/2
   303 | D:1      | Found a faded altar of an unknown god.
   775 | D:1      | Reached skill level 3 in Axes
   921 | D:2      | Reached XP level 3. HP: 31/31 MP: 3/3
   967 | D:2      | Found Qoodapn's Weapon Emporium.
  1187 | D:2      | Reached skill level 1 in Dodging
  1535 | D:2      | Reached XP level 4. HP: 32/39 MP: 4/4
  1758 | D:3      | Reached skill level 4 in Axes
  1777 | D:3      | Noticed Natasha
  1786 | D:3      | Killed Natasha
  1800 | D:3      | Noticed Terence
  1814 | D:3      | Killed Terence
  1815 | D:3      | Reached XP level 5. HP: 25/39 MP: 5/5
  1875 | D:3      | Noticed Natasha
  1886 | D:3      | Killed Natasha
  2144 | D:3      | Noticed Natasha
  2150 | D:3      | Killed Natasha
  2580 | D:4      | Reached skill level 5 in Axes
  2610 | D:4      | Reached XP level 6. HP: 39/52 MP: 6/6
  3096 | D:4      | Reached skill level 6 in Axes
  3196 | D:5      | Entered Level 5 of the Dungeon
  3196 | D:5      | Noticed Ijyb
  3206 | D:5      | Noticed Prince Ribbit
  3212 | D:5      | Reached XP level 7. HP: 21/59 MP: 7/7
  3218 | D:5      | HP: 2/59 [ogre/+0 giant club (15)]
  3218 | D:5      | Slain by Ijyb

Illustrated notes

Levels and vault maps discovered:
D:1:      dpeg_arrival_pond, layout_loops_corners, basic_ecumenical_altar
D:2:      layout_basic, serial_shops, shop, hangedman_feature_mirror,
          chequers_serial_rivers_large_a
D:3:      layout_loops_ring, kennysheep_generic_room_14, uniq_terence,
          uniq_natasha
D:4:      layout_rooms
D:5:      minmay_clustersquares, layout_gridville, kennysheep_little_box,
          minmay_temple_entry_tees, portal_sewer_entry_e, uniq_prince_ribbit1,
          uniq_ijyb

Skill      XL: |  1  2  3  4  5  6 |
---------------+-------------------+-----
Axes           | 3 4 5 6 |  6.5
Dodging        | 1 2 |  2.0
Armour         | 4 |  4.6
Fighting       | 4 |  4.3
Shields        | 4 |  4.5
Stealth        | |  0.4

Action                     |  1- 3 |  4- 6 |  7- 9 || total
---------------------------+-------+-------+-------++-------
  Melee: War axe           |   151 |   173 |     4 ||   328
    Use: Potion            |     1 |     2 |     3 ||     6
         Scroll            |       |     6 |       ||     6
 Armour: Scale mail        |   141 |    25 |       ||   166
         Chain mail        |       |   171 |    30 ||   201
  Dodge: Dodged            |    91 |    72 |     5 ||   168
  Block: Buckler           |    48 |     7 |       ||    55
         Kite shield       |       |    91 |    10 ||   101

Table legend: (Time is in decaauts)
 A = Elapsed time spent in this place.
 B = Non-inter-level travel time spent in this place.
 C = Inter-level travel time spent in this place.
 D = Time resting spent in this place.
 E = Time spent auto-exploring this place.
 F = Levels seen in this place.
 G = Mean time per level.
                   A        B        C        D        E       F      G
               +--------+--------+--------+--------+--------+-----+--------+
         Total |   3346 |   3346 |      0 |      0 |   1574 |   5 |  669.2 |
       Dungeon |   3346 |   3346 |      0 |      0 |   1574 |   5 |  669.2 |
               +--------+--------+--------+--------+--------+-----+--------+

Top non-repeatable levels by time:
     D:1: 946 daAuts
     D:3: 894 daAuts
     D:2: 826 daAuts
     D:4: 651 daAuts
     D:5: 27 daAuts
